[Event "ICC tourney 2250 (120 10)"]
[Site "Internet Chess Club"]
[Date "2020.12.27"]
[Round "4"]
[White "sirking2800"]
[Black "Venom2020"]
[Result "0-1"]
[ICCResult "White resigns"]
[WhiteElo "2005"]
[BlackElo "2155"]
[Opening "Sicilian: accelerated fianchetto, modern variation with Bc4"]
[ECO "B35"]
[NIC "SI.33"]
[Time "17:17:46"]
[PlyCount "86"]
[TimeControl "7200+10"]

1. e4 c5 2. Nf3 Nc6 3. d4 cxd4 4. Nxd4 g6 5. Nc3 Bg7 6. Be3 Nf6 7. Bc4 O-O
8. Bb3 a5 9. a4 Ng4 10. Qxg4 Nxd4 11. Qd1 Nxb3 12. cxb3 d6 13. O-O Be6 14.
Rc1 Rc8 15. f4 f5 16. exf5 Rxf5 17. Rf2 Qd7 18. Re2 Rc6 19. Rf2 Qc8 20. Na2
Rd5 21. Qe2 Bg4 22. Rxc6 bxc6 23. Qc2 Qe6 24. Bd2 Bd4 25. Nc3 Bxf2+ 26.
Kxf2 Bf5 27. Qd1 Rd4 28. Qe2 Qxe2+ 29. Kxe2 Rb4 30. Nd1 Rxb3 31. Bxa5 Bg4+
32. Kd2 Bxd1 33. Kxd1 Rxb2 34. Bd2 Ra2 35. a5 Kf7 36. Ke2 Ke6 37. g4 c5 38.
Kd3 Kd5 39. h4 Ra3+ 40. Kc2 Kc6 41. Bc3 Ra4 42. Bd2 e6 43. Kb3 Kb5 { White
resigns } 0-1

[Event "ICC tourney 2250 (120 10)"]
[Site "Internet Chess Club"]
[Date "2020.12.27"]
[Round "4"]
[White "schubakov"]
[Black "Wushukyle"]
[Result "1-0"]
[ICCResult "Black resigns"]
[WhiteElo "2161"]
[BlackElo "1611"]
[Opening "Queen's pawn game"]
[ECO "E10"]
[NIC "QI.01"]
[Time "17:17:29"]
[PlyCount "89"]
[TimeControl "7200+10"]

1. d4 Nf6 2. c4 e6 3. Nf3 d5 4. g3 c6 5. Nbd2 Nbd7 6. Bg2 Bd6 7. O-O O-O 8.
Qc2 e5 9. cxd5 Nxd5 10. Nc4 Qe7 11. Nxd6 Qxd6 12. Rd1 f5 13. dxe5 Nxe5 14.
Nd4 Qg6 15. Qb3 Qf7 16. Bd2 Ng4 17. h3 Ngf6 18. Rac1 Ne4 19. Be1 Kh8 20. e3
Qh5 21. Qa3 Bd7 22. Qd3 Rae8 23. Ne2 Ng5 24. Nf4 Nxf4 25. exf4 Ne6 26. Qxd7
Rd8 27. Qxe6 Rxd1 28. g4 Rxe1+ 29. Rxe1 fxg4 30. hxg4 Qc5 31. Qe7 Qxe7 32.
Rxe7 g6 33. Rxb7 Rxf4 34. Rxa7 Rxg4 35. Kf1 Rc4 36. Bf3 Rc2 37. b3 c5 38.
Bd5 h5 39. a4 g5 40. Rh7+ Kxh7 41. Be4+ Kg7 42. Bxc2 h4 43. a5 h3 44. a6
Kf6 45. a7 { Black resigns } 1-0

[Event "ICC tourney 2250 (120 10)"]
[Site "Internet Chess Club"]
[Date "2020.12.27"]
[Round "4"]
[White "hidedozyo"]
[Black "Dipankar007"]
[Result "1/2-1/2"]
[ICCResult "Game drawn by mutual agreement"]
[WhiteElo "2200"]
[BlackElo "1850"]
[Opening "Grünfeld: exchange variation"]
[ECO "D85"]
[NIC "GI.03"]
[Time "17:17:38"]
[PlyCount "74"]
[TimeControl "7200+10"]

1. d4 Nf6 2. c4 g6 3. Nc3 d5 4. cxd5 Nxd5 5. Bd2 Bg7 6. e4 Nb6 7. Be3 O-O
8. h3 e5 9. dxe5 Bxe5 10. Nf3 Bg7 11. Be2 Nc6 12. O-O Be6 13. Qc1 Qe7 14.
Nb5 Rfc8 15. Bc5 Qf6 16. Nbd4 Nxd4 17. Bxd4 Qe7 18. Bxg7 Kxg7 19. Nd4 c5
20. Nxe6+ fxe6 21. Qc3+ Qf6 22. e5 Qe7 23. Rad1 Nd5 24. Qg3 Nb4 25. Rd6 Nc6
26. Kh2 Nd4 27. Bd3 Rd8 28. Re1 Rac8 29. Be4 b5 30. Rxd8 Rxd8 31. f4 a5 32.
Qf2 Rf8 33. Qe3 Qh4 34. g3 Qe7 35. Kg2 Rd8 36. Rc1 Qa7 37. g4 Qc7 { Game
drawn by mutual agreement } 1/2-1/2

[Event "ICC tourney 2250 (120 10)"]
[Site "Internet Chess Club"]
[Date "2020.12.27"]
[Round "4"]
[White "sriramk"]
[Black "JKogen"]
[Result "0-1"]
[ICCResult "White resigns"]
[WhiteElo "2168"]
[BlackElo "2354"]
[Opening "Sicilian, Chekhover variation"]
[ECO "B53"]
[NIC "SI.02"]
[Time "17:17:31"]
[PlyCount "82"]
[TimeControl "7200+10"]

1. e4 c5 2. Nf3 d6 3. d4 cxd4 4. Qxd4 Nc6 5. Bb5 Bd7 6. Qd3 Rc8 7. c4 Nb4
8. Bxd7+ Qxd7 9. Qe2 b5 10. Na3 bxc4 11. Nxc4 Nf6 12. O-O Qe6 13. Ncd2 Nc2
14. Rb1 Qxa2 15. Qb5+ Nd7 16. b3 Rb8 17. Qc4 Nb4 18. Bb2 Qa6 19. Qc3 e6 20.
Ra1 Qb7 21. Rfc1 Nc5 22. Ba3 a5 23. Nc4 Qxe4 24. Nxa5 Nd5 25. Qd2 Qd3 26.
Qg5 Ne4 27. Qh4 Be7 28. Qg4 h5 29. Ne1 Qf1+ 30. Kxf1 hxg4 31. Kg1 Bf6 32.
Ra2 Kd7 33. Rac2 Be5 34. g3 Bc3 35. Nc4 Rxb3 36. Bb2 Rc8 37. Bxc3 Ndxc3 38.
Na5 Rb5 39. Ra1 Ra8 40. Nb3 Rxa1 41. Nxa1 Rb1 { White resigns } 0-1

[Event "ICC tourney 2250 (120 10)"]
[Site "Internet Chess Club"]
[Date "2020.12.27"]
[Round "4"]
[White "jy2020"]
[Black "gmRohde"]
[Result "0-1"]
[ICCResult "White resigns"]
[WhiteElo "2227"]
[BlackElo "2440"]
[Opening "Sicilian: Taimanov (Bastrikov) variation"]
[ECO "B47"]
[NIC "SI.40"]
[Time "17:17:36"]
[PlyCount "138"]
[TimeControl "7200+10"]

1. e4 c5 2. Nf3 e6 3. d4 cxd4 4. Nxd4 Nc6 5. Nc3 Qc7 6. g3 a6 7. Bg2 d6 8.
O-O Be7 9. Be3 Nf6 10. Nxc6 bxc6 11. Na4 Bb7 12. c4 c5 13. Nc3 O-O 14. h3
Rfe8 15. Qc2 Nd7 16. Rad1 Ne5 17. b3 Rad8 18. Ne2 Bf8 19. g4 Nc6 20. f4 d5
21. Bf2 Nb4 22. Qb1 dxe4 23. Bxe4 Bxe4 24. Qxe4 Nxa2 25. Qf3 Rxd1 26. Rxd1
Rd8 27. Rxd8 Qxd8 28. Ng3 Nb4 29. Ne4 Qd3 30. Kg2 Qc2 31. f5 Nd3 32. Kh2
exf5 33. Qxf5 g6 34. Qf3 Nxf2 35. Nxf2 Bd6+ 36. Kg2 Be5 37. Qd3 Qb2 38. Kf1
Bd4 39. Ne4 h6 40. Qf3 Qh2 41. Ke1 a5 42. Kd1 Kg7 43. Ke1 Qb8 44. Nd2 Qb4
45. Ke2 a4 46. bxa4 Bc3 47. Ne4 Qxc4+ 48. Qd3 Qa2+ 49. Kf3 Bd4 50. Qd1 Qa3+
51. Kg2 Qe3 52. Nd2 Qd3 53. a5 Bc3 54. a6 Qxa6 55. Nf3 Qa2+ 56. Kg3 Qe6 57.
Qc2 Be5+ 58. Kg2 Qd5 59. Qe2 Bf6 60. Kg3 c4 61. h4 c3 62. Qc2 Qc5 63. Qc1
c2 64. Kg2 Qc4 65. Kf2 Qd3 66. g5 hxg5 67. hxg5 Bc3 68. Qf4 Qd1 69. Ne5
Qd4+ { White resigns } 0-1

[Event "ICC tourney 2250 (120 10)"]
[Site "Internet Chess Club"]
[Date "2020.12.27"]
[Round "4"]
[White "espark"]
[Black "ChessKidA8"]
[Result "1-0"]
[ICCResult "Black checkmated"]
[WhiteElo "2338"]
[BlackElo "2123"]
[Opening "French: Steinitz, Boleslavsky variation"]
[ECO "C11"]
[NIC "FR.04"]
[Time "17:17:29"]
[PlyCount "143"]
[TimeControl "7200+10"]

1. e4 e6 2. d4 d5 3. Nc3 Nf6 4. e5 Nfd7 5. f4 c5 6. Nf3 Nc6 7. Be3 a6 8.
Qd2 b5 9. dxc5 Bxc5 10. Bd3 Qb6 11. Bf2 h6 12. O-O Bxf2+ 13. Qxf2 Bb7 14.
Ne2 Qxf2+ 15. Kxf2 Nb6 16. Ned4 Ke7 17. b3 Rhc8 18. Ke3 b4 19. g4 Nxd4 20.
Nxd4 a5 21. a3 Nd7 22. axb4 axb4 23. Nb5 Ba6 24. Nd6 Rc6 25. Kd4 f6 26. Ra2
g5 27. Rxa6 Raxa6 28. Bxa6 Rxa6 29. Nb5 gxf4 30. exf6+ Kxf6 31. Rxf4+ Ke7
32. Ke3 Rc6 33. Kd2 Rb6 34. Rxb4 Ne5 35. c3 Nxg4 36. Rxg4 Rxb5 37. b4 Kf6
38. h4 Kf5 39. Rg8 d4 40. Kd3 dxc3 41. Kxc3 Re5 42. Rg1 Re3+ 43. Kc4 Ke5
44. Rd1 Re4+ 45. Kc5 Re2 46. Rc1 Kf5 47. Rb1 Ke5 48. Rc1 Rb2 49. b5 Kf5 50.
b6 e5 51. Rc4 e4 52. Rb4 Rc2+ 53. Kd6 Rd2+ 54. Kc6 Rc2+ 55. Kb5 Rc8 56. b7
Rb8 57. Kc6 e3 58. Kc7 e2 59. Rb1 Re8 60. b8=Q Rxb8 61. Kxb8 Kg4 62. Kc7
Kxh4 63. Rg1 h5 64. Kd6 e1=Q 65. Rxe1 Kg3 66. Ke5 h4 67. Kf5 h3 68. Re3+
Kg2 69. Kg4 h2 70. Re2+ Kg1 71. Kg3 h1=Q 72. Re1# { Black checkmated } 1-0

[Event "ICC tourney 2250 (120 10)"]
[Site "Internet Chess Club"]
[Date "2020.12.27"]
[Round "4"]
[White "josuevm"]
[Black "giorgibagaturov"]
[Result "1-0"]
[ICCResult "Black resigns"]
[WhiteElo "2272"]
[BlackElo "2481"]
[Opening "Sicilian: classical"]
[ECO "B72"]
[NIC "SI.25"]
[Time "17:18:20"]
[PlyCount "103"]
[TimeControl "7200+10"]

1. e4 c5 2. Nf3 d6 3. d4 cxd4 4. Nxd4 Nf6 5. Nc3 Nc6 6. Be2 g6 7. Be3 Bg7
8. f4 O-O 9. Nb3 Be6 10. g4 Na5 11. g5 Nd7 12. Bd4 Bxd4 13. Qxd4 Nxb3 14.
axb3 Qb6 15. Qd2 f5 16. gxf6 Nxf6 17. O-O-O Rac8 18. Bd3 Qc5 19. Rhg1 Kh8
20. Rg5 Qd4 21. Kb1 a6 22. Qe1 Qb4 23. f5 Bf7 24. e5 Qf4 25. h4 dxe5 26.
fxg6 hxg6 27. Rxe5 e6 28. Re2 Kg7 29. Ne4 Nxe4 30. Rxe4 Qf6 31. Qe3 Rcd8
32. Rf4 Qe7 33. Qe5+ Kg8 34. Rdf1 Rd5 35. Qe4 Qd7 36. h5 Rf5 37. Qf3 Rxf4
38. Qxf4 Qe7 39. Qe5 Be8 40. Rxf8+ Qxf8 41. Qxe6+ Qf7 42. Qxf7+ Bxf7 43.
hxg6 Be8 44. Kc1 Kg7 45. Kd2 Bxg6 46. Bxg6 Kxg6 47. Kc3 Kf5 48. Kd4 Ke6 49.
Kc5 Kd7 50. Kb6 Kc8 51. c4 Kb8 52. c5 { Black resigns } 1-0

[Event "ICC tourney 2250 (120 10)"]
[Site "Internet Chess Club"]
[Date "2020.12.28"]
[Round "5"]
[White "ShadowApt"]
[Black "mchessmaster"]
[Result "1-0"]
[ICCResult "Black resigns"]
[WhiteElo "2105"]
[BlackElo "1976"]
[Opening "Ruy Lopez: classical (Cordel) defense"]
[ECO "C64"]
[NIC "RL.01"]
[Time "12:01:48"]
[PlyCount "43"]
[TimeControl "7200+10"]

1. e4 e5 2. Nf3 Nc6 3. Bb5 Bc5 4. O-O d6 5. c3 a6 6. Ba4 b5 7. Bb3 Bg4 8.
h3 Bh5 9. Qe2 Nf6 10. d3 h6 11. Be3 Bxe3 12. Qxe3 O-O 13. Nh4 Ne7 14. f4
exf4 15. Rxf4 Ng6 16. Nxg6 Bxg6 17. Nd2 Re8 18. Raf1 a5 19. Rxf6 gxf6 20.
Qxh6 Bh7 21. Rf4 f5 22. exf5 { Black resigns } 1-0

[Event "ICC tourney 2250 (120 10)"]
[Site "Internet Chess Club"]
[Date "2020.12.28"]
[Round "5"]
[White "Chessking2008"]
[Black "Chesslegend21"]
[Result "1/2-1/2"]
[ICCResult "Game drawn by repetition"]
[WhiteElo "2197"]
[BlackElo "2132"]
[Opening "English: Mikenas-Carls variation"]
[ECO "A18"]
[NIC "EO.57"]
[Time "12:01:39"]
[PlyCount "99"]
[TimeControl "7200+10"]

1. c4 Nf6 2. Nc3 e6 3. e4 d5 4. cxd5 exd5 5. e5 d4 6. exf6 dxc3 7. Bb5+ Nc6
8. Qe2+ Be6 9. dxc3 Qxf6 10. Nf3 Bc5 11. Ng5 Bb6 12. Bc4 Qxf2+ 13. Qxf2
Bxf2+ 14. Kxf2 Bxc4 15. Re1+ Be6 16. Nxe6 fxe6 17. Rxe6+ Kd7 18. Re1 Rhf8+
19. Kg1 Rae8 20. Be3 b6 21. Rad1+ Kc8 22. b3 Re6 23. Bf2 Rfe8 24. Kf1 g6
25. Rxe6 Rxe6 26. Bg3 Ne7 27. Re1 Rxe1+ 28. Kxe1 Kd7 29. Ke2 c6 30. Kd3 Ke6
31. c4 a6 32. Ke4 Nf5 33. Bc7 b5 34. g4 Nh6 35. h3 Nf7 36. Bf4 Nd8 37. Kd4
Kf6 38. Be3 Ne6+ 39. Ke4 h5 40. gxh5 gxh5 41. h4 bxc4 42. bxc4 Nf8 43. Bg5+
Ke6 44. Kd4 Kf5 45. Be7 Ne6+ 46. Ke3 Ng7 47. Bf8 Ne6 48. Be7 Ke5 49. Ba3
Kf5 50. Be7 { Game drawn by repetition } 1/2-1/2

[Event "ICC tourney 2250 (120 10)"]
[Site "Internet Chess Club"]
[Date "2020.12.28"]
[Round "5"]
[White "tejasrama"]
[Black "lmperatorX"]
[Result "1-0"]
[ICCResult "Black resigns"]
[WhiteElo "2293"]
[BlackElo "2118"]
[Opening "Sicilian: Najdorf, 7...Be7 main line"]
[ECO "B99"]
[NIC "SI.09"]
[Time "12:01:35"]
[PlyCount "57"]
[TimeControl "7200+10"]

1. e4 c5 2. Nf3 d6 3. d4 cxd4 4. Nxd4 Nf6 5. Nc3 a6 6. Bg5 e6 7. f4 Be7 8.
Qf3 Nbd7 9. O-O-O Qc7 10. g4 b5 11. Bxf6 Nxf6 12. g5 Nd7 13. f5 O-O 14. h4
b4 15. Nce2 e5 16. Nb3 f6 17. Kb1 Bb7 18. Ng3 Rfc8 19. Bd3 a5 20. Rdg1 Ba6
21. Nh5 Bxd3 22. Qxd3 Qc4 23. gxf6 Bxf6 24. Qxd6 Qxc2+ 25. Ka1 Qc6 26.
Nxf6+ Nxf6 27. Qe7 Ne8 28. Qxe5 Qd6 29. Rxg7+ { Black resigns } 1-0

[Event "ICC tourney 2250 (120 10)"]
[Site "Internet Chess Club"]
[Date "2020.12.28"]
[Round "5"]
[White "pawnpush202044"]
[Black "Wushukyle"]
[Result "0-1"]
[ICCResult "White resigns"]
[WhiteElo "1915"]
[BlackElo "1611"]
[Opening "QGD semi-Slav: 5...Nd7"]
[ECO "D45"]
[NIC "SL.08"]
[Time "12:01:40"]
[PlyCount "98"]
[TimeControl "7200+10"]

1. c4 Nf6 2. d4 e6 3. Nc3 d5 4. e3 c6 5. Nf3 Nbd7 6. cxd5 exd5 7. Bd3 Bd6
8. O-O O-O 9. Qc2 Re8 10. e4 dxe4 11. Nxe4 Nxe4 12. Bxe4 Nf6 13. Bg5 h6 14.
Bxf6 Qxf6 15. Rfe1 Bg4 16. Re3 Bxf3 17. Rxf3 Bxh2+ 18. Kh1 Qh4 19. Bh7+ Kh8
20. Rh3 Qg5 21. Rxh2 g6 22. Bxg6 fxg6 23. Rf1 Kh7 24. Qb3 Re7 25. Qh3 Rf8
26. Qa3 Rxf2 27. Rg1 a6 28. Qb3 Qd5 29. Qxd5 cxd5 30. g3 Rxh2+ 31. Kxh2
Re2+ 32. Rg2 Rxg2+ 33. Kxg2 g5 34. g4 Kg6 35. Kg3 h5 36. b3 hxg4 37. Kxg4
a5 38. a3 b5 39. b4 a4 40. Kg3 Kf5 41. Kf3 g4+ 42. Kg3 Kg5 43. Kg2 Kf4 44.
Kf2 g3+ 45. Kg2 Kg4 46. Kg1 Kf3 47. Kf1 Ke3 48. Kg2 Kxd4 49. Kxg3 Ke3 {
White resigns } 0-1

[Event "ICC tourney 2250 (120 10)"]
[Site "Internet Chess Club"]
[Date "2020.12.28"]
[Round "5"]
[White "wolfchess1"]
[Black "pangpangba"]
[Result "1-0"]
[ICCResult "Black resigns"]
[WhiteElo "2077"]
[BlackElo "1656"]
[Opening "Sicilian: Prins (Moscow) variation"]
[ECO "B55"]
[NIC "SI.01"]
[Time "12:01:42"]
[PlyCount "55"]
[TimeControl "7200+10"]

1. e4 c5 2. Nf3 d6 3. d4 cxd4 4. Nxd4 Nf6 5. f3 Nc6 6. c4 e6 7. Nc3 a6 8.
Be3 Bd7 9. Qd2 Rc8 10. Rc1 Be7 11. Be2 h6 12. O-O Qc7 13. Kh1 O-O 14. f4
Rfd8 15. Rf3 Bf8 16. Rg3 Kh8 17. Rf1 b6 18. f5 e5 19. Nf3 Na5 20. b3 Nb7
21. Rh3 Nc5 22. Bxh6 gxh6 23. Rxh6+ Nh7 24. Rxh7+ Kxh7 25. Nd5 Nxe4 26.
Ng5+ Nxg5 27. Qxg5 Bh6 28. Nf6+ { Black resigns } 1-0

[Event "ICC tourney 2250 (120 10)"]
[Site "Internet Chess Club"]
[Date "2020.12.28"]
[Round "5"]
[White "giorgibagaturov"]
[Black "sriramk"]
[Result "1/2-1/2"]
[ICCResult "Game drawn by mutual agreement"]
[WhiteElo "2481"]
[BlackElo "2168"]
[Opening "QGD semi-Slav: Meran, Reynolds' variation"]
[ECO "D48"]
[NIC "SL.09"]
[Time "12:01:57"]
[PlyCount "69"]
[TimeControl "7200+10"]

1. d4 d5 2. Nf3 Nf6 3. c4 c6 4. Nc3 e6 5. e3 Nbd7 6. Bd3 dxc4 7. Bxc4 b5 8.
Bd3 a6 9. e4 c5 10. d5 c4 11. Bc2 Qc7 12. O-O Bb7 13. dxe6 fxe6 14. Qe2 e5
15. Be3 Bc5 16. Rfd1 O-O 17. Nd5 Bxd5 18. exd5 e4 19. Nd4 Qe5 20. a4 Nxd5
21. Nc6 Qe6 22. Bxc5 Nxc5 23. Rxd5 Qxc6 24. Bxe4 Nxe4 25. Qxe4 Rad8 26. Re5
Qxe4 27. Rxe4 Rd2 28. f3 Rxb2 29. axb5 axb5 30. Re7 Rd8 31. h4 c3 32. Raa7
c2 33. Rxg7+ Kh8 34. Rxh7+ Kg8 35. Rhg7+ { Game drawn by mutual agreement }
1/2-1/2

[Event "ICC tourney 2250 (120 10)"]
[Site "Internet Chess Club"]
[Date "2020.12.28"]
[Round "5"]
[White "MBJPM"]
[Black "sathviks"]
[Result "0-1"]
[ICCResult "White resigns"]
[WhiteElo "2337"]
[BlackElo "2237"]
[Opening "King's Indian: Gligoric-Taimanov system"]
[ECO "E92"]
[NIC "KI.08"]
[Time "12:02:30"]
[PlyCount "72"]
[TimeControl "7200+10"]

1. d4 Nf6 2. c4 g6 3. Nc3 Bg7 4. e4 d6 5. Nf3 O-O 6. Be2 e5 7. Be3 Nc6 8.
O-O h6 9. h3 Re8 10. d5 Ne7 11. c5 Nh5 12. cxd6 cxd6 13. Rc1 Rf8 14. Nb5 b6
15. Nc7 Rb8 16. Qa4 f5 17. exf5 Nxf5 18. Bd2 Ne7 19. Ne6 Bxe6 20. dxe6 Nf4
21. Bd1 Nxe6 22. Bb3 d5 23. Qg4 Nc5 24. Bc2 e4 25. b4 exf3 26. bxc5 bxc5
27. Rfe1 Rb2 28. Ba5 Qxa5 29. Rxe7 Qb6 30. Bxg6 Qf6 31. Rce1 fxg2 32. Bf5
Qg5 33. Be6+ Kh8 34. Bxd5 Bd4 35. R1e2 Rb1+ 36. Kxg2 Qxd5+ { White resigns
} 0-1

[Event "ICC tourney 2250 (120 10)"]
[Site "Internet Chess Club"]
[Date "2020.12.28"]
[Round "5"]
[White "mentalgiant"]
[Black "Plato"]
[Result "0-1"]
[ICCResult "White resigns"]
[WhiteElo "1632"]
[BlackElo "2033"]
[Opening "Trompowsky attack (Ruth, Opocenský opening)"]
[ECO "A45"]
[NIC "QP.07"]
[Time "12:02:30"]
[PlyCount "74"]
[TimeControl "7200+10"]

1. d4 Nf6 2. Bg5 e6 3. Nd2 h6 4. Bh4 g5 5. Bg3 Bg7 6. e4 d6 7. f4 gxf4 8.
Bxf4 Nc6 9. Ngf3 Qe7 10. c3 e5 11. dxe5 Nxe5 12. Nxe5 dxe5 13. Bg3 Bd7 14.
Be2 O-O-O 15. Qc2 Kb8 16. a4 Bc6 17. b4 Rxd2 18. Qxd2 Nxe4 19. Qe3 Nxg3 20.
Qxg3 f5 21. b5 Bf6 22. Qf2 Bh4 23. g3 Bxh1 24. gxh4 Be4 25. a5 Rg8 26. b6
Rg2 27. bxc7+ Qxc7 28. Qe3 Rxh2 29. Ra2 Rh1+ 30. Bf1 Rxh4 31. a6 Bd5 32.
Rb2 Re4 33. Qxe4 Bxe4 34. Rxb7+ Bxb7 35. axb7 Qxc3+ 36. Kf2 Kxb7 37. Bg2+
Kc7 { White resigns } 0-1

[Event "ICC tourney 2250 (120 10)"]
[Site "Internet Chess Club"]
[Date "2020.12.28"]
[Round "5"]
[White "Adhvaith0406"]
[Black "sirking2800"]
[Result "1-0"]
[ICCResult "Black resigns"]
[WhiteElo "2033"]
[BlackElo "2005"]
[Opening "Ruy Lopez: closed, Chigorin, 12...c5d4"]
[ECO "C99"]
[NIC "RL.24"]
[Time "12:02:01"]
[PlyCount "89"]
[TimeControl "7200+10"]

1. e4 e5 2. Nf3 Nc6 3. Bb5 a6 4. Ba4 Nf6 5. O-O Be7 6. Re1 b5 7. Bb3 O-O 8.
c3 d6 9. h3 Na5 10. Bc2 c5 11. d4 Qc7 12. Nbd2 cxd4 13. cxd4 Nc6 14. Nb3 a5
15. dxe5 dxe5 16. Bg5 a4 17. Nbd2 Rd8 18. Qe2 Nb4 19. Bb1 Ba6 20. a3 Nc6
21. Bd3 Nd4 22. Nxd4 Rxd4 23. Be3 Rdd8 24. Bxb5 Bxb5 25. Qxb5 Rdb8 26. Rac1
Qd6 27. Qf1 Qe6 28. Rc2 Rb7 29. f3 Nh5 30. Rec1 Rab8 31. Nc4 Rb3 32. Qe2
R3b5 33. g4 Nf4 34. Bxf4 exf4 35. Kg2 h5 36. Rd1 hxg4 37. hxg4 g5 38. e5
Kg7 39. Rh1 Rh8 40. Nd6 Rxe5 41. Nf5+ Kg8 42. Rc8+ Qxc8 43. Rxh8+ Kxh8 44.
Qxe5+ f6 45. Qxe7 { Black resigns } 1-0

[Event "ICC tourney 2250 (120 10)"]
[Site "Internet Chess Club"]
[Date "2020.12.28"]
[Round "5"]
[White "Venom2020"]
[Black "nithin"]
[Result "1/2-1/2"]
[ICCResult "Game drawn by mutual agreement"]
[WhiteElo "2155"]
[BlackElo "2250"]
[Opening "Sicilian: Najdorf, Lipnitzky attack"]
[ECO "B86"]
[NIC "SI.13"]
[Time "12:01:43"]
[PlyCount "49"]
[TimeControl "7200+10"]

1. e4 c5 2. Nf3 d6 3. d4 cxd4 4. Nxd4 Nf6 5. Nc3 a6 6. Bc4 e6 7. Bb3 Nc6 8.
O-O Be7 9. Be3 O-O 10. f4 Nxd4 11. Bxd4 b5 12. a3 Bb7 13. Qd3 a5 14. Rfe1
b4 15. axb4 axb4 16. Na4 d5 17. e5 Ne4 18. Qe3 Bh4 19. g3 Be7 20. c3 Qe8
21. Bc2 Qc6 22. Rec1 bxc3 23. Nxc3 Rxa1 24. Rxa1 Nxc3 25. Qxc3 { Game drawn
by mutual agreement } 1/2-1/2

[Event "ICC tourney 2250 (120 10)"]
[Site "Internet Chess Club"]
[Date "2020.12.28"]
[Round "5"]
[White "Buffalo09"]
[Black "shianen"]
[Result "1-0"]
[ICCResult "Black checkmated"]
[WhiteElo "2256"]
[BlackElo "2195"]
[Opening "French: advance, Paulsen attack"]
[ECO "C02"]
[NIC "FR.03"]
[Time "12:01:36"]
[PlyCount "59"]
[TimeControl "7200+10"]

1. e4 e6 2. d4 d5 3. e5 c5 4. c3 Nc6 5. Nf3 Qb6 6. a3 Nh6 7. b4 cxd4 8.
cxd4 Nf5 9. Be3 Be7 10. Bd3 Nxe3 11. fxe3 O-O 12. Nc3 f6 13. Na4 Qd8 14.
exf6 Bxf6 15. O-O Bd7 16. Rc1 Rc8 17. Bb1 Qe7 18. Nc5 b6 19. Nd3 g6 20. Qd2
Bg7 21. a4 Qd6 22. b5 Na5 23. Rxc8 Rxc8 24. Nf4 Qa3 25. Bd3 Nb3 26. Qf2 Nc1
27. Bb1 Qb3 28. Nd2 Qb2 29. Nxg6 Ra8 30. Qf7# { Black checkmated } 1-0

[Event "ICC tourney 2250 (120 10)"]
[Site "Internet Chess Club"]
[Date "2020.12.28"]
[Round "5"]
[White "jsl1996"]
[Black "TjkTiger"]
[Result "1/2-1/2"]
[ICCResult "Game drawn by repetition"]
[WhiteElo "2643"]
[BlackElo "2602"]
[Opening "Sicilian: accelerated fianchetto, Maróczy bind, 6.Be3"]
[ECO "B38"]
[NIC "SI.43"]
[Time "12:02:30"]
[PlyCount "91"]
[TimeControl "7200+10"]

1. e4 c5 2. Nf3 g6 3. d4 cxd4 4. Nxd4 Bg7 5. c4 Nc6 6. Be3 Qb6 7. Nb5 Qa5+
8. N1c3 Nf6 9. f3 d6 10. Be2 a6 11. Nd4 Nxd4 12. Bxd4 Be6 13. O-O Rc8 14.
b3 O-O 15. Qd2 b5 16. cxb5 axb5 17. Rfc1 b4 18. Nb5 Rxc1+ 19. Rxc1 Ra8 20.
Rc2 Bd7 21. Nc7 Rc8 22. Na6 Nxe4 23. Rxc8+ Bxc8 24. fxe4 Bxd4+ 25. Qxd4
Qxa2 26. Qc4 Bxa6 27. Qxa6 Qxb3 28. Qa8+ Kg7 29. Qa1+ e5 30. Qc1 Qa2 31.
Bc4 b3 32. Qf1 Qa7+ 33. Kh1 b2 34. Bd3 Qe3 35. g3 d5 36. exd5 e4 37. Bb1
Qc1 38. Kg2 Qd2+ 39. Kh3 Qh6+ 40. Kg2 Qd2+ 41. Kh3 f5 42. Qc4 Qh6+ 43. Kg2
Qd2+ 44. Kh3 Qh6+ 45. Kg2 Qd2+ 46. Kh3 { Game drawn by repetition } 1/2-1/2

[Event "ICC tourney 2250 (120 10)"]
[Site "Internet Chess Club"]
[Date "2020.12.28"]
[Round "5"]
[White "superind"]
[Black "josuevm"]
[Result "1/2-1/2"]
[ICCResult "Game drawn by mutual agreement"]
[WhiteElo "2710"]
[BlackElo "2272"]
[Opening "Sicilian: accelerated fianchetto, Breyer variation"]
[ECO "B39"]
[NIC "SI.33"]
[Time "12:02:27"]
[PlyCount "57"]
[TimeControl "7200+10"]

1. e4 c5 2. Nf3 Nc6 3. d4 cxd4 4. Nxd4 g6 5. c4 Bg7 6. Be3 Nf6 7. Nc3 Ng4
8. Qxg4 Nxd4 9. Qd1 Ne6 10. Be2 Bxc3+ 11. bxc3 b6 12. Qd5 Ba6 13. f4 O-O
14. f5 Nc5 15. Bxc5 bxc5 16. Qxc5 Rc8 17. Qd4 Qc7 18. O-O Bxc4 19. Bxc4
Qxc4 20. Qxa7 Rc7 21. Qa3 d6 22. f6 exf6 23. Qxd6 Qxc3 24. Qxf6 Qe3+ 25.
Kh1 Qxe4 26. a4 Rc2 27. Qf3 Qxf3 28. Rxf3 Ra8 29. Rf4 { Game drawn by
mutual agreement } 1/2-1/2

[Event "ICC tourney 2250 (120 10)"]
[Site "Internet Chess Club"]
[Date "2020.12.28"]
[Round "5"]
[White "Bearbarion"]
[Black "savchess06"]
[Result "0-1"]
[ICCResult "White resigns"]
[WhiteElo "1921"]
[BlackElo "2085"]
[Opening "French: Burn variation"]
[ECO "C11"]
[NIC "FR.05"]
[Time "12:01:42"]
[PlyCount "60"]
[TimeControl "7200+10"]

1. d4 Nf6 2. Nc3 d5 3. Bg5 e6 4. e4 dxe4 5. Nxe4 Be7 6. Bxf6 Bxf6 7. Nf3
O-O 8. c3 b6 9. Bd3 Bb7 10. Qe2 Nd7 11. h4 c5 12. O-O-O cxd4 13. Nfg5 g6
14. f4 Nc5 15. Nxc5 bxc5 16. Qg4 h5 17. Qg3 Bg7 18. Rhe1 Qa5 19. Bc4 Ba6
20. Bxe6 fxe6 21. Rxe6 Qxa2 22. Rxg6 Qa1+ 23. Kc2 d3+ 24. Rxd3 Bxd3+ 25.
Qxd3 Qa4+ 26. Kb1 Rae8 27. Re6 Rxf4 28. Rxe8+ Qxe8 29. g3 Qe1+ 30. Kc2 Qf2+
{ White resigns } 0-1

[Event "ICC tourney 2250 (120 10)"]
[Site "Internet Chess Club"]
[Date "2020.12.28"]
[Round "5"]
[White "Dipankar007"]
[Black "mikolka1985"]
[Result "0-1"]
[ICCResult "White resigns"]
[WhiteElo "1850"]
[BlackElo "2545"]
[Opening "Giuoco Piano"]
[ECO "C54"]
[NIC "IG.02"]
[Time "12:01:54"]
[PlyCount "92"]
[TimeControl "7200+10"]

1. e4 e5 2. Nf3 Nc6 3. Bc4 Bc5 4. c3 Nf6 5. d3 a6 6. Bb3 d6 7. O-O O-O 8.
Nbd2 b5 9. a4 Bb7 10. Re1 Bb6 11. Nf1 Ne7 12. Bg5 Ng6 13. Ng3 h6 14. Be3
Bxe3 15. Rxe3 c5 16. Nf5 Kh7 17. h4 Nf4 18. Nh2 g6 19. Ng3 Qe7 20. Ne2 N4h5
21. g4 Ng7 22. g5 hxg5 23. hxg5 Nfh5 24. Nf3 bxa4 25. Rxa4 Bc8 26. Kf1 Rb8
27. d4 Bd7 28. Ra3 cxd4 29. cxd4 Bb5 30. Ke1 Nf4 31. Ng3 Ng2+ 32. Kd2 Nxe3
33. fxe3 Rh8 34. d5 Kg8 35. Qg1 Qb7 36. Ne1 Rh4 37. Qg2 Nh5 38. Nh1 Bd7 39.
Nf2 Qb4+ 40. Kd1 Qc5 41. Nf3 Rxb3 42. Rxb3 Ba4 43. Nd3 Bxb3+ 44. Ke1 Qxe3+
45. Kf1 Qxd3+ 46. Kg1 Qe3+ { White resigns } 0-1

[Event "ICC tourney 2250 (120 10)"]
[Site "Internet Chess Club"]
[Date "2020.12.28"]
[Round "5"]
[White "tigeriz"]
[Black "RajeshCS"]
[Result "1-0"]
[ICCResult "Black resigns"]
[WhiteElo "2393"]
[BlackElo "2310"]
[Opening "Sicilian: Taimanov variation"]
[ECO "B48"]
[NIC "SI.40"]
[Time "12:01:40"]
[PlyCount "83"]
[TimeControl "7200+10"]

1. e4 c5 2. Nf3 e6 3. d4 cxd4 4. Nxd4 Nc6 5. Nc3 Qc7 6. Be3 a6 7. Qf3 Nf6
8. O-O-O Ne5 9. Qg3 b5 10. f4 Neg4 11. Bg1 b4 12. Na4 h5 13. e5 Nd5 14. Bd3
Bb7 15. Be4 g6 16. Kb1 Nc3+ 17. Nxc3 bxc3 18. Bxb7 Qxb7 19. Qxc3 Qxg2 20.
Qf3 Qxf3 21. Nxf3 Rc8 22. Ng5 Be7 23. Ne4 Rc4 24. Bd4 Ne3 25. b3 Rb4 26. c3
Rxd4 27. Rxd4 Nd5 28. Rf1 a5 29. c4 Ne3 30. Rf3 Nf5 31. Rd1 h4 32. Rfd3 h3
33. Rxd7 Rh4 34. Nf6+ Kf8 35. Rd8+ Bxd8 36. Rxd8+ Kg7 37. Rg8+ Kh6 38. Rh8+
Kg7 39. Rxh4 Nxh4 40. c5 Nf3 41. c6 Nxh2 42. c7 { Black resigns } 1-0